[Event "Bangabandhu Premier Div League 2022"]
[Site "Dhaka"]
[Date "2022.12.07"]
[Round "8.6"]
[White "Pantsulaia, Levan"]
[Black "Alam, Monjur"]
[Result "1-0"]
[ECO "E60"]
[WhiteElo "2597"]
[BlackElo "1848"]
[Annotator "TA"]
[PlyCount "63"]
[EventDate "2022.12.01"]
[EventCountry "BAN"]
[SourceTitle "playchess.com"]
[Source "ChessBase"]
[SourceQuality "1"]
[TimeControl "40/5400+30:1800+30"]

1. Nf3 Nf6 2. g3 g6 3. b3 Bg7 4. Bb2 d6 5. d4 O-O 6. Bg2 c6 7. O-O Qc7 8. c4 Nbd7 9. Nc3 e5 10. d5 {[%emt 0:00:00] E60: King's Indian: Unusual lines and Fianchetto Variation without Nc3.} c5 (10... cxd5 $14 11. Nxd5 Nxd5 12. Qxd5 Nf6) 11. e4 $16 a6 {[%emt 0:01:00][%cal Ob7b5] [#]} 12. a4 $146 {[%emt 0:00:00] Against b5. White is better.} ({Predecessor:} 12. a3 Nh5 13. Qd3 f5 14. exf5 gxf5 15. Ng5 Ndf6 16. Qe2 h6 17. Ne6 Bxe6 18. dxe6 {1-0 (32) Wessel,R-Lais,P freechess.de 2021}) 12... Ne8 13. Ra2 {[%emt 0:02:00] White is more active.} h6 14. Ba1 Ndf6 15. Ne1 Nh7 16. Nd3 Qe7 17. f4 f6 {[%emt 0:00:30] Loses the game.} (17... exf4 $16 18. gxf4 (18. Rxf4 Bd4+ 19. Kh1 Nef6 $11) 18... Bd4+ 19. Kh1 Nhf6) 18. h4 Kh8 19. Kh2 Rg8 20. a5 Bd7 21. Na4 Nf8 22. Nb6 Rb8 23. Raf2 f5 (23... Bc8 {might work better.} 24. fxe5 dxe5) 24. fxe5 $18 {[%emt 0:00:00] White is clearly winning.} dxe5 25. Bh3 f4 (25... Nd6 $142 26. Nxc5 Rd8 27. Ncxd7 Nxd7 28. exf5 gxf5 29. Bxf5 Nxf5) 26. Nxd7 Nxd7 27. gxf4 exf4 28. Bxd7 Qxd7 29. Ne5 Qc7 30. Nxg6+ Kh7 {[%emt 0:00:00] [#]} 31. e5 $1 {[%emt 0:01:00] Intending Qd3 and mate.} Qf7 32. h5 {[%emt 0:00:00] Weighted Error Value: White=0.08 (flawless) /Black=0.45} 1-0

[Event "Bangabandhu Premier Div League 2022"]
[Site "Dhaka"]
[Date "2022.12.07"]
[Round "8.6"]
[White "Mohammad, Shameem"]
[Black "Narayanan.S.L"]
[Result "0-1"]
[ECO "D02"]
[WhiteElo "1892"]
[BlackElo "2673"]
[Annotator "TA"]
[PlyCount "46"]
[EventDate "2022.11.30"]
[EventType "team-tourn"]
[EventCountry "BAN"]
[SourceTitle "playchess.com"]
[Source "ChessBase"]
[SourceQuality "1"]
[TimeControl "40/5400+30:1800+30"]

1. d4 Nf6 2. Nf3 c5 3. g3 cxd4 4. Nxd4 d5 5. Bg2 e5 6. Nf3 Nc6 7. O-O {[%emt 0:00:22][%cal Oc2c4] D02: 1 d4 d5 2 Nf3 sidelines, including 2...Nf6 3 g3 and 2...Nf6 3 Bf4.} Be7 8. c3 (8. c4 $1 $15) 8... O-O $17 9. b4 {[%emt 0:02:53] Black is better.} a6 10. Bb2 {[%emt 0:00:48][%cal Oc3c4] [#]} e4 $146 {[%emt 0:06:06] Against c4} ({Predecessor:} 10... Qb6 11. a4 Rd8 12. a5 Qc7 13. e3 e4 14. Nd4 Bg4 15. Qb3 Ne5 16. Nd2 h5 {0-1 (25) Kanagenthiran,P (1917)-Mazza,S ICCF email 2016}) 11. Nd4 Nxd4 12. Qxd4 Ng4 13. h3 Bf6 14. Qd1 Ne5 {[%emt 0:00:09] Black is more active.} 15. Na3 (15. Nd2 $142) 15... h5 ({Black should play} 15... a5 16. Qb1 Be6) 16. f4 $2 {[%emt 0:04:58] [#]} (16. c4 $17 {might work better.}) 16... exf3 $19 17. exf3 Bf5 18. f4 Nd3 19. Qd2 (19. Rb1 $142 a5 20. Nc2 (20. Qxh5 $2 {loses.} g6 $19)) 19... Nxb2 20. Qxb2 d4 21. c4 $2 {[%emt 0:15:15] [#]} (21. Rad1 dxc3 22. Qf2) 21... d3 {[%emt 0:00:07] Black is clearly winning.} 22. Qd2 Bxa1 23. Rxa1 Qd4+ {[%emt 0:00:02] White got outplayed after the opening.   Weighted Error Value: White=1.15/Black=0.14 (very precise)} 0-1

[Event "Bangabandhu Premier Div League 2022"]
[Site "Dhaka"]
[Date "2022.12.07"]
[Round "8.7"]
[White "Idani, Pouya"]
[Black "Habibur Rahman, Sohel"]
[Result "1-0"]
[ECO "A02"]
[WhiteElo "2631"]
[BlackElo "1871"]
[Annotator "TA"]
[PlyCount "83"]
[EventDate "2022.11.30"]
[EventType "team-tourn"]
[EventCountry "BAN"]
[SourceTitle "playchess.com"]
[Source "ChessBase"]
[SourceQuality "1"]
[TimeControl "40/5400+30:1800+30"]

1. g3 Nf6 2. Bg2 g6 3. f4 d6 4. Nf3 Bg7 5. d3 Nc6 6. e4 {[%emt 0:00:55] A02: Bird's Opening.} Bg4 7. h3 Bxf3 8. Qxf3 {[%emt 0:00:10] [#] White is slightly better.} Nh5 $146 (8... e5 $14) ({Predecessor:} 8... e5 9. f5 Nh5 10. c3 Bf6 11. O-O O-O 12. Na3 Bg5 13. h4 Bxc1 14. Raxc1 Kg7 {1-0 (25) Moeller,P (1965)-Hodl,I (1979) Mecklenburg VP 2013}) 9. c3 $16 e6 10. O-O O-O 11. g4 Nf6 12. Be3 Nd7 13. d4 Nb6 14. Nd2 Rb8 (14... f5 $142) 15. f5 Nd7 {[%emt 0:07:14] Against f6} 16. g5 exf5 17. exf5 f6 (17... gxf5 {was necessary.} 18. Qxf5 Ne7) 18. fxg6 $18 hxg6 19. Qg4 Ne7 {[%emt 0:05:08] Against Bd5+} 20. Rae1 {[%emt 0:00:41] aiming for Qe6+.} f5 21. Qg3 Nb6 22. h4 $1 Ned5 (22... Qe8 $16 23. h5 gxh5) 23. Bf2 Qd7 24. c4 Ne7 25. Qb3 {[%emt 0:00:19] Threatens to win with c5+.} c6 26. c5+ ({Better is} 26. Re2 $18) 26... Nbd5 $16 27. Nc4 dxc5 28. dxc5 Kh7 29. h5 ({White should try} 29. Qf3 $1) 29... Nf4 {[%emt 0:04:04] [#]} (29... gxh5 $142 30. Qd1 Kg8) 30. Nd6 (30. Bg3 $1 $16 Nxh5 31. Bxb8 Rxb8 32. Nd6) 30... Nxh5 {[%emt 0:06:47] [#]} 31. Bf3 $1 {[%emt 0:00:06] Strongly threatening Bxh5. White has more active pieces.} Nd5 32. Bxh5 gxh5 33. Qf3 $36 {[%emt 0:01:41][%mdl 2048] White is on the roll.} Kg6 34. Re2 {[%emt 0:00:44] Inhibits Rfe8. And now Rfe1 would win.} f4 $2 {[%emt 0:04:26][%mdl 8192] This costs Black the game.} (34... Rbe8 $14) 35. Qd3+ $18 Kxg5 36. Kh2 Nf6 37. Kh1 {[%emt 0:03:36] Rg1+ is the strong threat.} Rbd8 38. Re5+ Kh6 39. Bh4 Nh7 {[%emt 0:01:52] [#] Prevents Bg5+.} (39... Qg4 $18 40. Bg5+ Qxg5 41. Rxg5 Kxg5 42. Rg1+ Ng4) 40. Rg1 $1 {[%emt 0:01:06][%csl Gd3][%cal Rg1g6][%mdl 64] White mates.} Qg4 41. Rxg4 hxg4 42. Re6+ {[%emt 0:00:44] Weighted Error Value: White=0.31/Black=0.37} 1-0

[Event "Bangabandhu Premier Div League 2022"]
[Site "Dhaka"]
[Date "2022.12.07"]
[Round "8.7"]
[White "Kushagra Mohan"]
[Black "Rakhmanov, Aleksandr"]
[Result "1/2-1/2"]
[ECO "C43"]
[WhiteElo "2390"]
[BlackElo "2630"]
[Annotator "TA"]
[PlyCount "60"]
[EventDate "2022.12.01"]
[EventCountry "BAN"]
[SourceTitle "playchess.com"]
[Source "ChessBase"]
[SourceQuality "1"]
[TimeControl "40/5400+30:1800+30"]

1. e4 e5 2. Nf3 Nf6 3. d4 Nxe4 4. Bd3 d5 5. Nxe5 Nd7 6. Nc3 Nxe5 7. dxe5 Nxc3 8. bxc3 Bc5 {[%emt 0:00:00] C43: Petroff Defence: 3 d4.} 9. O-O O-O {[%emt 0:03:30] 9...0-0 is better than 9...Be6.} 10. Qh5 {[%emt 0:00:00][%csl Gd3][%cal Rh5h7] [#]} g6 $1 11. Qh6 Re8 12. Bg5 Bf8 13. Bxd8 Bxh6 14. Bxc7 Bf5 15. Bxf5 gxf5 16. Rad1 Rac8 17. Bd6 Rxc3 18. Rxd5 Rxc2 19. a4 {[%emt 0:01:00] [#]} Bf8 $146 (19... Ra2 $11) ({Predecessor:} 19... Rd2 20. Rxd2 Bxd2 21. Rd1 Bc3 22. f4 f6 23. Rc1 Bd4+ 24. Kf1 fxe5 25. fxe5 b6 {½-½ (33) Ivic,V (2606)-Rakhmanov,A (2657) Riga 2021}) 20. Rb1 b6 {[%emt 0:01:00] Against g4} 21. a5 Bxd6 22. exd6 $14 {[%emt 0:00:30][%mdl 4096] Endgame KRR-KRR} Rd8 23. axb6 axb6 24. g3 Rc6 25. d7 Kf8 26. Rdb5 {[%emt 0:00:00] White is more active.} Rxd7 27. Rxb6 Rxb6 {[%emt 0:01:00] The position is equal.} 28. Rxb6 Kg7 29. Rb4 Kg6 30. Kg2 Rd2 {[%emt 0:00:00] Weighted Error Value: White=0.06 (flawless) /Black=0.11 (very precise)} 1/2-1/2

[Event "Bangabandhu Premier Div League 2022"]
[Site "Dhaka"]
[Date "2022.12.07"]
[Round "8.8"]
[White "Zia, Tahsin Tajwar"]
[Black "Jabed Al Azad"]
[Result "1-0"]
[ECO "D02"]
[WhiteElo "2241"]
[BlackElo "2084"]
[Annotator "TA"]
[PlyCount "166"]
[EventDate "2022.12.01"]
[EventCountry "BAN"]
[SourceTitle "playchess.com"]
[Source "ChessBase"]
[SourceQuality "1"]
[TimeControl "40/5400+30:1800+30"]

1. d4 d5 2. Nf3 Nf6 3. c3 c6 4. Qc2 g6 5. Bf4 Bf5 (5... Nh5 $5 6. Be3 Bg7 $11) 6. Qb3 {[%emt 0:00:21] D02: 1 d4 d5 2 Nf3 sidelines, including 2...Nf6 3 g3 and 2...Nf6 3 Bf4.} Qb6 7. Nbd2 Bg7 8. h3 {[%emt 0:00:15] The position is equal.} h5 9. e3 Nbd7 {[%emt 1:33:03] [#]} 10. Ne5 $146 ({Predecessor:} 10. Be2 Ne4 11. O-O O-O 12. Nxe4 Bxe4 13. Nd2 Bf5 14. g4 hxg4 15. hxg4 Be6 16. Bg3 {½-½ (42) Rottstaedt,W (2265)-Besel,W Germany 1994}) 10... Nxe5 11. Bxe5 O-O 12. Be2 (12. Rg1 {simplifies} Qxb3 13. axb3 Bc2 14. Bf4) 12... Nd7 13. Bxg7 Kxg7 14. g4 hxg4 15. hxg4 Be6 16. Qc2 Rh8 {[%emt 0:00:00] Against f4} 17. O-O-O {[%emt 0:00:10] next f4 is good for White.} f6 (17... Nf6 $11) 18. f4 (18. Rhg1 {simplifies} Rh2 19. g5 f5 20. Nf3) 18... Bf7 19. Nf3 Rxh1 20. Rxh1 {[%emt 0:00:06] Strongly threatening Bd3.} Rh8 21. Rxh8 Kxh8 22. Bd3 Kg7 23. Nh4 Nf8 24. g5 {[%emt 0:01:10] Inhibits e5.} (24. Qg2 $14) 24... fxg5 $11 25. fxg5 Qc7 {[%emt 0:00:00] Prevents Qh2.} ({Black should play} 25... e5 $11) 26. Qg2 $14 Qd6 27. Qh3 Qe6 28. Qf3 Qd6 (28... Be8 {feels hotter.} 29. Qf4 Bd7 30. Kd2 Qh3) 29. Qg2 c5 30. Nf3 {[%emt 0:01:00] White is much more active.} cxd4 31. cxd4 a6 32. Ne5 Nd7 $1 33. Ng4 Be6 34. Nf2 Nf8 35. Nd1 ({But not} 35. Qh1 Qg3 36. Nd1 (36. Qh6+ Kg8 $17) 36... Qxg5 $17) 35... Bf7 36. Nc3 b5 37. Ne2 e5 38. Qh2 Nd7 39. Ng3 {[%emt 0:00:00] Threatens to win with Qh6+.} Kg8 40. Ne2 Qe7 41. Qg3 e4 42. Bc2 Nf8 43. Nf4 (43. Bb3 $5 ) 43... Qd6 44. Bb3 a5 45. a3 (45. Ne2 {simplifies} Qxg3 46. Nxg3 Nh7 47. Ne2) 45... Nd7 46. Qh4 Nb6 47. Qh6 Qf8 48. Nxg6 Qxh6 49. Ne7+ Kh7 (49... Kf8 $2 50. gxh6 b4 51. axb4 axb4 52. Kc2 $1 $18) 50. gxh6 Kxh6 $11 {[%emt 0:00:00][%mdl 4096] Endgame KBN-KBN} (50... Be6 $1 $11 {remains equal.}) 51. Nf5+ $1 $16 Kg6 52. Nd6 b4 53. a4 (53. axb4 $14 axb4 54. Nb5) 53... Be6 $11 54. Nb7 Bd7 55. Nxa5 Kf6 ({Better is} 55... Kg5 $11) 56. Nb7 $14 Bxa4 57. Bxa4 Nxa4 {[%emt 0:00:00] KN-KN} 58. Nc5 Nb6 59. b3 {[%emt 0:00:00] Inhibits Nc4.} Ke7 60. Na6 Kd6 61. Nxb4 {[%emt 0:00:00] aiming for Kb2.} Nc8 62. Kd2 Na7 $2 (62... Ne7 $14) 63. Nc2 $2 (63. Kc3 $1 $18 {And now Kb2 would win.} Nb5+ 64. Kb2) 63... Nb5 (63... Kc7 $11) 64. Ne1 ({White should try} 64. Ke1 $1 $14) 64... Kc6 65. Ng2 Kb6 66. Nf4 Kc6 67. Kc2 Nc7 68. b4 {[%emt 0:01:30] Black must now prevent Kb3.} Kb5 $2 {[%emt 0:00:00][%mdl 8192] [#] White stays focused until the end.} (68... Nb5 $11) 69. Kb3 $1 $18 Ka6 70. Ka4 Kb6 {[%emt 0:00:30] Against b5} 71. b5 Nxb5 72. Nxd5+ Kc6 73. Ne7+ Kb6 74. Kb4 Nd6 {[%emt 0:02:00] [#]} 75. d5 $1 Kc7 76. Kc5 {[%emt 0:00:00] Nc6 is the strong threat.} Kd7 77. Nc6 {[%emt 0:00:00] White mates.} Nf5 78. Ne5+ Ke7 79. Nc4 Kf6 80. d6 Ke6 81. Kc6 Nh6 82. d7 Nf7 83. Kc7 Kd5 {[%emt 0:04:30] Weighted Error Value: White=0.10 (very precise) /Black=0.13 (very precise)} 1-0

[Event "Bangabandhu Premier Div League 2022"]
[Site "Dhaka"]
[Date "2022.12.07"]
[Round "8.8"]
[White "Abdul, Momin"]
[Black "Subrota, Biswas"]
[Result "1/2-1/2"]
[ECO "B12"]
[WhiteElo "1900"]
[BlackElo "2288"]
[Annotator "TA"]
[PlyCount "118"]
[EventDate "2022.11.30"]
[EventType "team-tourn"]
[EventCountry "BAN"]
[SourceTitle "playchess.com"]
[Source "ChessBase"]
[SourceQuality "1"]
[TimeControl "40/5400+30:1800+30"]

1. e4 c6 2. d4 d5 3. e5 Bf5 4. f4 e6 5. Nf3 c5 6. c3 Nc6 7. Be3 {[%emt 0:01:08] B12: Caro-Kann: Advance Variation.} Qb6 8. Qb3 ({White should play} 8. Qd2 $11) 8... c4 $15 9. Qxb6 {[%emt 0:00:23] Black is slightly better.} axb6 10. Nbd2 {[%emt 0:01:30] [#]} (10. Be2 $15) 10... b5 $1 $17 11. Nh4 Nge7 {[%emt 0:00:22] [#]} 12. Be2 $146 ({Predecessor:} 12. Kf2 b4 13. Be2 h5 14. h3 bxc3 15. bxc3 Bc2 16. Rhc1 Ba4 17. Ndf3 g6 18. g4 hxg4 19. hxg4 {1-0 (39) Ionescu,D (2255)-Nanu,C (2340) Gyula 2000}) 12... b4 13. g4 Bc2 {[%emt 0:01:13] ...Ng6 is the strong threat.} 14. cxb4 (14. Kf2 $17 {was necessary.}) 14... Nxb4 15. a3 Nec6 16. Kf2 Nd3+ 17. Bxd3 Bxd3 18. Rhc1 b5 19. f5 Be7 20. Ng2 exf5 21. Nf4 Bh4+ (21... fxg4 22. Nxd3 (22. Nxd5 $2 O-O $19) 22... f6 23. Kg2 $14) 22. Kg2 {[%emt 0:07:36] aiming for Nxd3.} Bg5 {[%emt 0:00:03] And now ...Bxf4 would win. A strong pair of Bishops.} (22... fxg4 23. Nxd3 (23. Nxd5 $2 O-O $19) 23... f6 24. Nb4 Nxb4 25. axb4 $16) 23. Nxd5 Bxe3 24. Nxe3 Nxd4 25. gxf5 O-O (25... Bxf5 26. a4 $15) 26. a4 bxa4 27. f6 (27. Rc3 $17) 27... Nb3 28. Nxb3 axb3 29. Rxa8 Rxa8 $19 {[%emt 0:00:00][%mdl 4096] Endgame KRB-KRN} 30. Rc3 (30. Kf3 $17) 30... Ra4 31. Kg3 h6 32. h4 gxf6 33. exf6 Kh7 34. h5 {[%emt 0:03:03] [#]} Kg8 (34... Be2 $1 $17 {White must now prevent ...Ra8.} 35. Kf2 Bxh5 36. Nxc4 Kg6 37. Ne5+ Kxf6 38. Rxb3 Rf4+ 39. Kg3 Kg5) 35. Ng4 $1 $11 Ra2 36. Ne5 Rxb2 {[%emt 0:00:00] Strongly threatening ...Rc2.} 37. Nxd3 cxd3 38. Rxd3 {[%emt 0:00:03] KR-KR. The position is equal.} Rb1 39. Kg2 Re1 {[%emt 0:00:00] ( -> ...b2)} (39... b2 {is more complex.} 40. Rb3 Kh7 41. Rb6 Re1) 40. Rxb3 Re5 41. Rg3+ Kf8 42. Ra3 Rg5+ 43. Kf3 Kg8 44. Kf4 Rxh5 45. Rg3+ Kf8 46. Ra3 $1 Ke8 47. Re3+ Kf8 48. Ra3 Rh4+ 49. Kf5 Rh5+ 50. Kf4 Kg8 51. Rg3+ Rg5 52. Rxg5+ hxg5+ 53. Kxg5 {[%emt 0:00:01] KP-KP} Kh8 54. Kh5 Kg8 55. Kh6 Kh8 $1 (55... Kf8 {gets mated.} 56. Kh7 Ke8 57. Kg8 Kd7 58. Kxf7 Kd8 59. Kg7 Kd7 60. f7) 56. Kh5 Kg8 57. Kh6 Kh8 $1 (57... Kf8 {leads to mate.} 58. Kh7 Ke8 59. Kg8 Kd8 60. Kxf7 Kd7 61. Kg7 Kc6 62. f7) 58. Kh5 Kg8 59. Kh6 Kh8 $1 {[%emt 0:00:00] Black had all chances to win.   Weighted Error Value: White=0.09 (flawless) /Black=0.08 (flawless)} (59... Kf8 {is a self mate.} 60. Kh7 Ke8 61. Kg8 Kd7 62. Kxf7 Kd8 63. Kg7 Kd7 64. f7) 1/2-1/2

[Event "Bangabandhu Premier Div League 2022"]
[Site "Dhaka"]
[Date "2022.12.07"]
[Round "8.9"]
[White "Rahman, Ziaur"]
[Black "Mendonca, Leon Luke"]
[Result "1/2-1/2"]
[ECO "A07"]
[WhiteElo "2464"]
[BlackElo "2565"]
[Annotator "TA"]
[PlyCount "72"]
[EventDate "2022.11.30"]
[EventType "team-tourn"]
[EventCountry "BAN"]
[SourceTitle "playchess.com"]
[Source "ChessBase"]
[SourceQuality "1"]
[TimeControl "40/5400+30:1800+30"]

1. Nf3 d5 2. g3 c6 3. Bg2 Bg4 4. h3 Bh5 5. O-O Nd7 6. d3 Ngf6 7. Nc3 {[%emt 0:06:54] 7.c4 is a critical line. A07: Réti Opening: New York and Capablanca Systems.} e5 8. e4 dxe4 9. Nxe4 Nxe4 10. dxe4 Be7 11. Be3 O-O {[%emt 0:01:55] [#]} 12. a4 $146 ({Predecessor:} 12. c3 Qc7 13. Qc2 Bc5 14. Qe2 Bxe3 15. Qxe3 f6 16. Rfd1 Rfd8 17. Bf1 Bf7 18. Nd2 {½-½ (59) Koehler,J (2099)-Susla,V (2276) LSS email 2015}) 12... Qc7 13. Qc1 Rfd8 14. a5 Nc5 15. Bxc5 Bxc5 16. Qg5 Bxf3 17. Bxf3 h6 18. Qc1 a6 19. Qe1 {[%emt 0:07:05] Against Bb4. The position is equal.} Qe7 20. Kg2 Rd6 21. Qc3 Rd4 22. Rfd1 Rad8 23. Rxd4 Rxd4 24. Qe1 g6 25. c3 Rd6 26. Rd1 h5 27. Rxd6 Bxd6 $11 {[%emt 0:00:48][%mdl 4096] Endgame KQB-KQB} 28. Qd2 Bc7 29. b4 c5 30. Be2 cxb4 31. cxb4 Bd6 32. b5 axb5 33. Bxb5 Bb4 34. Qa2 Qc7 35. a6 bxa6 36. Bxa6 Kg7 {[%emt 0:00:03] Weighted Error Value: White=0.04 (flawless) /Black=0.03 (flawless)} 1/2-1/2

[Event "Bangabandhu Premier Div League 2022"]
[Site "Dhaka"]
[Date "2022.12.07"]
[Round "8.10"]
[White "Iniyan, P."]
[Black "Chanda, Sandipan"]
[Result "1/2-1/2"]
[ECO "A87"]
[WhiteElo "2534"]
[BlackElo "2474"]
[Annotator "TA"]
[PlyCount "238"]
[EventDate "2022.11.30"]
[EventType "team-tourn"]
[EventCountry "BAN"]
[SourceTitle "playchess.com"]
[Source "ChessBase"]
[SourceQuality "1"]
[TimeControl "40/5400+30:1800+30"]

1. d4 f5 2. Nf3 Nf6 3. g3 g6 4. Bg2 Bg7 5. O-O O-O 6. c4 e6 7. Nc3 d5 8. Bf4 c6 9. Qc1 Re8 10. Rd1 Nbd7 11. Bd6 Ne4 12. Nxe4 fxe4 13. Ne5 Bf8 14. c5 Bxd6 15. cxd6 Qb6 16. Qc3 Nxe5 17. dxe5 Rf8 18. e3 Bd7 19. h4 Rf7 20. Rd2 g5 21. hxg5 Qd8 22. Rf1 Qxg5 23. f4 exf3 24. Rxf3 Rxf3 25. Bxf3 Kh8 26. e4 Qxg3+ 27. Rg2 Qf4 28. Rg4 Qh6 29. Bg2 Rf8 30. b4 b6 31. a3 d4 32. Qxd4 Qc1+ 33. Kh2 c5 34. bxc5 (34. Qg1 $5 Qc3 35. Rg3 (35. bxc5 Qxe5+ 36. Rg3 Qh5+ 37. Rh3 Qe5+ 38. Rg3 Rg8 $11) 35... Qxe5 36. bxc5 $11) 34... bxc5 35. Qd3 $2 (35. Qg1 $11 Qh6+ 36. Bh3) 35... c4 $1 $19 36. Qg3 c3 ({Weaker is} 36... Qd2 37. Rh4 Rf7 38. Rg4 $11) 37. Rh4 {[%emt 0:00:03] [#]} Rg8 $1 38. Qf4 Qxf4+ (38... Qxa3 $2 {leads to mate.} 39. Qf6+ Rg7 40. Rg4 h5 41. Qxg7#) 39. Rxf4 Bb5 (39... Rc8 $19 {is more deadly.} 40. Rf1 c2) 40. Rf2 $17 Rc8 41. Rc2 {[%emt 0:02:38] [#]} Ba4 $1 42. Rc1 c2 43. Bh3 Bd7 44. Bg4 Kg7 45. Be2 Rc3 46. Kg2 h5 ({Don't do} 46... Rxa3 47. Rxc2 Kh6 48. Rc7 $18) (46... Kg6 $19 {[%cal Og6g5] aiming for ...Kg5!} 47. Kf1 Kg5) 47. Bxh5 $17 Kh6 $1 48. Bf7 Rc8 (48... Rxa3 $2 49. Rxc2 Kg5 50. Rc7 $18) (48... Kg5 $17 {Strongly threatening ...Kf4.} 49. Kf2 Kf4) 49. Kf3 $11 Rf8 (49... Kg7 $5 50. Bh5 $8 Kh6 $11) 50. Rxc2 Rxf7+ 51. Ke3 Kg7 52. Kd4 Kf8 53. Rh2 Ke8 54. Rh8+ Rf8 55. Rh7 Kd8 56. a4 $1 a5 57. Kc5 $1 Rf4 58. Rh8+ Be8 59. Rh6 Rxe4 (59... Kd7 $5 60. Kd4 Rg4 61. Rh7+ Kd8 $17) 60. Rxe6 Bxa4 61. Kd5 (61. Re7 {is interesting.} Bd7 62. Kd5 Rh4 63. e6) 61... Rb4 62. Re7 Bb3+ 63. Kc6 $1 a4 64. e6 $1 a3 65. Rd7+ Kc8 66. Ra7 Bxe6 67. Ra8+ Rb8 68. Rxa3 Bd7+ 69. Kc5 Rb5+ 70. Kc4 Rh5 71. Ra7 Be6+ 72. Kd4 Rd5+ 73. Ke4 Rh5 74. d7+ Kd8 75. Ra8+ (75. Ra6 {is more complex.} Bh3 76. Ra7 Rb5 77. Kf3) 75... Kxd7 76. Ra7+ Kd6 77. Ra6+ Ke7 78. Ra7+ Kf6 79. Kd4 Rh4+ 80. Ke3 Ke5 81. Ra8 Rh3+ 82. Kd2 Kd4 83. Rd8+ Bd5 84. Rd7 Rh2+ 85. Kd1 Ke4 86. Kc1 Bc4 87. Rd2 $1 Rh3 88. Kb2 Bd3 89. Kc3 $1 Rg3 90. Rh2 Ke3 91. Rh8 Be4 92. Kc4 Rf3 93. Rh4 Rf1 94. Rh3+ Bf3 95. Kc5 Rc1+ 96. Kd6 Kf4 97. Rh2 Rc6+ 98. Kd7 Ra6 99. Rf2 Ke4 100. Rf1 Bg4+ (100... Kd5 $5) 101. Ke7 Bf5 102. Re1+ Kd5 103. Rd1+ Ke5 104. Re1+ Be4 105. Re2 Ra7+ 106. Ke8 Kd5 107. Kf8 Bf5 108. Re7 Ra6 109. Kg7 Rg6+ 110. Kf7 Rh6 111. Kg7 Rh5 112. Kf6 Be6 113. Ra7 Rf5+ 114. Kg6 Rf1 115. Ra5+ Kd6 116. Kg5 Bd5 117. Ra6+ Ke5 118. Ra5 Rg1+ 119. Kh5 Ke4 1/2-1/2

[Event "Bangabandhu Premier Div League 2022"]
[Site "Dhaka"]
[Date "2022.12.07"]
[Round "8.11"]
[White "Harsha Bharathakoti"]
[Black "Reefat, Bin-Sattar"]
[Result "1-0"]
[ECO "A40"]
[WhiteElo "2582"]
[BlackElo "2367"]
[Annotator "TA"]
[PlyCount "67"]
[EventDate "2022.11.30"]
[EventType "team-tourn"]
[EventCountry "BAN"]
[SourceTitle "playchess.com"]
[Source "ChessBase"]
[SourceQuality "1"]
[TimeControl "40/5400+30:1800+30"]

1. d4 e6 2. c4 b6 3. a3 Bb7 4. Nc3 g6 5. e4 Bg7 6. Nf3 {[%emt 0:01:55] A40: Unusual replies to 1 d4.} Ne7 7. h4 h6 8. Be3 {[%emt 0:00:08] White is slightly better.} d6 9. Qd2 Nd7 {[%emt 0:00:00] [#]} 10. Bd3 $146 ({Predecessor:} 10. d5 e5 11. h5 f5 12. g3 g5 13. Qc2 O-O 14. O-O-O f4 15. gxf4 exf4 16. Bd4 {0-1 (50) Maletin,P (2571)-Riazantsev,A (2684) Rostov on Don 2014}) 10... a6 11. d5 Nf6 12. dxe6 ({White should try} 12. Nd4 $14) 12... fxe6 $11 13. Nd4 Qd7 14. f3 {[%emt 0:00:13] Against Ng4} c5 15. Nde2 Bc6 (15... O-O-O $11 {remains equal.}) 16. b4 $16 Rd8 17. Rd1 Qc8 {[%emt 0:02:43] [#]} 18. O-O $1 h5 19. Qe1 O-O 20. Nf4 Be8 21. Rb1 Bf7 22. Qg3 cxb4 23. axb4 (23. Rxb4 $16 {Strongly threatening Na4.} Nd7 24. Na4) 23... b5 {[%emt 0:00:03] [#] Prevents Na4.} 24. c5 $1 {[%emt 0:00:41][%cal Oe4e5] White has more active pieces.} d5 $2 {[%emt 0:01:03] Black cannot hold the game after this.} (24... Rfe8 $1 $14) 25. exd5 $18 exd5 26. Nce2 ({And not} 26. Bxg6 d4 27. Bd2 (27. Bxf7+ $2 Rxf7 28. Bd2 dxc3 $17) 27... Nxg6 28. Nxg6 Bxg6 29. Qxg6 dxc3 30. Bxc3 a5 $17) 26... d4 27. Bxd4 ({Weaker is} 27. Nxd4 Nfd5 28. Nxd5 (28. Nxg6 $2 {too greedy.} Bxg6 29. Bxg6 Nxe3 $19) 28... Rxd5 $17) 27... Nf5 (27... Rxd4 $142 28. Nxd4 Nfd5) 28. Bxf5 Qxf5 29. Qg5 {[%emt 0:03:07] Prevents Bh6.} Qxg5 30. hxg5 Nh7 31. Bxg7 Kxg7 32. Ra1 Nxg5 33. Rxa6 Bc4 $2 (33... Rd2 34. Rc1 h4) 34. Rxg6+ {[%emt 0:00:05] Weighted Error Value: White=0.15 (very precise) /Black=0.24 (precise)} 1-0

[Event "Bangabandhu Premier Div League 2022"]
[Site "Dhaka"]
[Date "2022.12.08"]
[Round "9.1"]
[White "Abu Sufian, Shakil"]
[Black "Masum, Hossain"]
[Result "1-0"]
[ECO "B30"]
[WhiteElo "2229"]
[BlackElo "2103"]
[Annotator "TA"]
[PlyCount "37"]
[EventDate "2022.11.30"]
[EventType "team-tourn"]
[EventCountry "BAN"]
[SourceTitle "playchess.com"]
[Source "ChessBase"]
[SourceQuality "1"]
[TimeControl "40/5400+30:1800+30"]

1. e4 c5 2. Nf3 Nc6 3. Bb5 e6 4. O-O Nge7 5. Re1 a6 6. Bf1 b5 {[%emt 0:00:33] B30: Sicilian: 2...Nc6 3 Bb5, lines without ...g6.} 7. c3 d5 8. e5 {[%emt 0:01:08] [#]} f6 $146 (8... d4 $11 {keeps the balance.}) ({Predecessor:} 8... Qb6 9. d3 Bd7 10. Bf4 Ng6 11. Bg3 Be7 12. Nbd2 h5 13. h3 h4 14. Bh2 c4 {1-0 (35) Aaron,M (2295)-Chan,P Auckland 1977}) 9. exf6 $16 gxf6 10. d4 {[%emt 0:00:10] Inhibits e5.} c4 11. Nh4 h5 12. Bf4 {[%emt 0:01:19] Prevents e5.} Bg7 (12... e5 $142) 13. Be2 {[%emt 0:02:32] White is more active.} e5 (13... Qd7 $16) 14. Bxh5+ $18 Kf8 (14... Kd7 {was called for.}) 15. dxe5 fxe5 16. Bg5 {[%emt 0:00:19] [#] Threatens to win with Qf3+.} Kg8 17. Ng6 {[%emt 0:01:34] Chess con chili.} ({Weaker is} 17. Qf3 Qf8 $18) 17... Rxh5 (17... Be6 $142 18. Nxh8 Kxh8) 18. Qxh5 e4 (18... Qd7 $142 19. Bxe7 Nxe7 20. Nxe5 Qf5 21. Qe8+ Qf8 22. Qxf8+ Bxf8) 19. Nxe7+ {[%emt 0:01:13] Weighted Error Value: White=0.08 (flawless) /Black=0.72} 1-0